 Dungeon Sprint DCSS version 0.30.0-19-g36f170ea60 (webtiles) character file.

Game seed: 17960204232798340909

121 bmack86 the Cleaver (level 4, 0/39 HPs)
             Began as a Minotaur Fighter on May 28, 2023.
             Slain by a killer bee (6 damage)
             ... in the Dungeon (Sprint IV: "Fedhas' Mad Dash").
             The game lasted 00:01:38 (89 turns).

bmack86 the Cleaver (Minotaur Fighter)                Turns: 89, Time: 00:01:40

Health: 0/39       AC:  6    Str: 22    XL:     4   Next: 76%
Magic:  3/3        EV:  9    Int:  5    God:
Gold:   67         SH:  4    Dex: 10    Spells: 3/3 levels left

rFire   . . .        a - +0 war axe
rCold   . . .        c - +0 buckler
rNeg    . . .        b - +0 scale mail
rPois   .            (helmet restricted)
rElec   .            (no cloak)
rCorr   .            (no gloves)
SInv    .            (no boots)
Will    .....        g - amulet of invisibility {+Inv} Stlth
                     (no ring)
HPRegen 0.26/turn    (no ring)
MPRegen 0.08/turn

%: no teleportation
@: lethally poisoned (0 -> -9)
A: horns 2, retaliatory headbutt
a: Evoke Invisibility


You were in the Dungeon.
You visited 1 branch You collected 67 gold pieces.

Inventory:

Hand Weapons
 a - a +0 war axe (weapon)
Armour
 b - a +0 scale mail (worn)
 c - a +0 buckler (worn)
Jewellery
 g - the amulet of invisibility (around neck) {+Inv}
   (You found it in the Dungeon)

   [amulet of nothing]

   +Inv:      It lets you turn invisible.
Scrolls
 j - a scroll of blinking
Potions
 d - a potion of might
 f - a potion of heal wounds
 h - 2 potions of magic
 i - a potion of berserk rage
 k - a potion of cancellation {unknown}


   Skills:
 - Level 3.6 Fighting
 + Level 11.5 Axes
 - Level 3.6 Armour
 - Level 1.0 Dodging
 - Level 3.6 Shields


You had 3 spell levels left.
You didn't know any spells.
Your spell library was empty.

Dungeon Overview and Level Annotations

Branches:
Dungeon (1/1)

Altars:


Innate Abilities, Weirdness & Mutations

You have a pair of horns on your head.
You reflexively headbutt those who attack you in melee.


Message History

Your Axes skill increases to level 11!
You feel yourself slow down.
You now have 62 gold pieces (gained 9).
You now have 67 gold pieces (gained 5).
You open the door.
There is an open door here.
A queen bee and 2 killer bees come into view.
The queen bee buzzes angrily.
The killer bee buzzes angrily. x2
A killer bee comes into view. x2
The killer bee moves out of view.
The killer bee buzzes angrily.
You closely miss the killer bee. Your headbutt misses the killer bee.
The killer bee barely misses you. The killer bee stings you.
You are poisoned.
The killer bee poisons you!
You closely miss the killer bee. Your headbutt misses the killer bee.
You closely miss the killer bee.
You feel sick. The killer bee stings you! The killer bee stings you.
The queen bee calls on the killer bee to defend it!
The killer bee goes berserk!
The killer bee barely misses you. The killer bee closely misses you.
You closely miss the killer bee. You miss the killer bee.
You feel sick. The killer bee stings you!
* * * LOW HITPOINT WARNING * * *
You are lethally poisoned!
The killer bee poisons you!
The killer bee stings you but does no damage.
The queen bee calls on the killer bee to defend it!
The killer bee goes berserk!
The killer bee barely misses you. The killer bee completely misses you.
You furiously retaliate!
You headbutt the killer bee, but do no damage.
The killer bee rages.
You feel better. The killer bee closely misses you. You furiously retaliate!
You headbutt the killer bee! You block the killer bee's attack.
The killer bee stings you but does no damage.
The killer bee stings you.
* * * LOW HITPOINT WARNING * * *
You are lethally poisoned!
The killer bee poisons you! The killer bee stings you.
You die...

##################
#<..P#.†...#.....#
#PP..'.†...'.#(..+
#PPPP#.....#.#...#
###############'##
♣yy@.....'...#
#...yyy♣.....#...#
#.....♣..♣..######
##+####+#####


You could see a queen bee and 4 killer bees.

Vanquished Creatures
  A scorpion (D)
  2 oklob saplings (D)
  A river rat (D)
  A rat (D)
5 creatures vanquished.

Notes
Turn   | Place    | Note
-------+----------+-------------------------------------------
     0 | D        | bmack86 the Minotaur Fighter began the quest for the Orb.
     0 | D        | Reached XP level 1. HP: 19/19 MP: 0/0
     8 | D        | Reached skill level 3 in Axes
    10 | D        | Reached skill level 5 in Axes
    10 | D        | Reached skill level 1 in Dodging
    10 | D        | Reached XP level 2. HP: 21/26 MP: 1/1
    18 | D        | Noticed an oklob sapling
    21 | D        | Killed an oklob sapling
    22 | D        | Reached skill level 7 in Axes
    22 | D        | Reached XP level 3. HP: 28/31 MP: 2/2
    24 | D        | Noticed a scorpion
    24 | D        | Found the amulet of invisibility {+Inv}
    29 | D        | Killed a scorpion
    30 | D        | Reached skill level 10 in Axes
    30 | D        | Reached XP level 4. HP: 24/39 MP: 3/3
    67 | D        | Reached skill level 11 in Axes
    84 | D        | Noticed a queen bee
    89 | D        | Slain by a killer bee

Illustrated notes

Levels and vault maps discovered:
D:        dungeon_sprint_fedhas [sprint_temple]

Skill      XL: |  1  2  3  4 |
---------------+-------------+-----
Axes           | 5 7 10 11 | 11.5
Dodging        | 1 |  1.0
Fighting       | |  3.6
Armour         | |  3.6
Shields        | |  3.6

Action                     |  1- 3 |  4- 6 || total
---------------------------+-------+-------++-------
  Melee: War axe           |    10 |     4 ||    14
         Headbutt          |     2 |       ||     2
    Use: Potion            |     1 |     1 ||     2
 Armour: Scale mail        |     2 |     2 ||     4
  Dodge: Dodged            |     3 |     6 ||     9
  Block: Buckler           |     2 |     1 ||     3
